 Dungeon Crawl Stone Soup version 0.19.1 (webtiles) character file.

3753 RedPan the Covert (level 9, -5/57 HPs)
             Began as a Vampire Enchanter on Dec 25, 2016.
             Was an Initiate of Kikubaaqudgha.
             Slain by an orc warrior
             ... wielding a +0 glaive
              (30 damage)
             ... on level 8 of the Dungeon.
             The game lasted 00:29:24 (9861 turns).

RedPan the Covert (Vampire Enchanter)               Turns: 9861, Time: 00:29:24

Health: -5/57      AC:  7    Str:  7    XL:     9   Next: 93%
Magic:  15/18      EV: 15    Int: 21    God:    Kikubaaqudgha [......]
Gold:   384        SH:  3    Dex: 14    Spells: 4 memorised, 13 levels left

rFire  . . .     SeeInvis +     w - +2 rapier (venom)
rCold  + + .     Gourm    .     b - +2 robe
rNeg   + + .     Faith    .     (no shield)
rPois  +         Spirit   .     (no helmet)
rElec  .         Reflect  +     (no cloak)
rCorr  .         Harm     .     D - +1 pair of gloves
MR     .....                    E - +0 pair of boots
Stlth  ++++++....               m - +3 amulet of reflection
                                t - ring of stealth
                                r - ring of protection from cold

@: regenerating slowly
A: fangs 3, see invisible, unbreathing
a: Bat Form, Renounce Religion


You were on level 8 of the Dungeon.
You worshipped Kikubaaqudgha.
Kikubaaqudgha was noncommittal.
You were thirsty.

You visited 2 branches of the dungeon, and saw 9 of its levels.
You also visited: Sewer.

You collected 563 gold pieces.
You spent 179 gold pieces at shops.

Inventory:

Hand Weapons
 a - a +1 dagger
 w - a +2 rapier of venom (weapon)
Armour
 b - a +2 robe (worn)
 D - a +1 pair of gloves (worn)
 E - a +0 pair of boots (worn)
Magical Staves
 n - an uncursed staff of fire
Jewellery
 m - a +3 amulet of reflection (around neck)
 r - a ring of protection from cold (left hand)
 t - a ring of stealth (right hand)
Wands
 v - a wand of flame (31/48)
 x - a wand of digging (7/24)
 z - a wand of iceblast (12/15)
 C - a wand of acid (11/15)
Scrolls
 e - 12 scrolls of identify
 g - 3 scrolls of enchant armour
 j - a scroll of magic mapping
 l - 6 scrolls of remove curse
 o - a scroll of fog
 y - 2 scrolls of teleportation
Potions
 d - 17 potions of blood
 f - 2 potions of ambrosia
 h - a potion of agility
 i - a potion of resistance
 p - 4 potions of curing
 A - a potion of berserk rage
 B - a potion of heal wounds
Books
 c - a book of Maledictions

   Spells                             Type                      Level
   a - Corona                         Hexes                        1
   b - Ensorcelled Hibernation        Hexes/Ice                    2
   c - Confuse                        Hexes                        3
   d - Tukima's Dance                 Hexes                        3
   e - Dazzling Spray                 Conjuration/Hexes            3
 s - a book of Necromancy

   Spells                             Type                      Level
   a - Pain                           Necromancy                   1
   b - Animate Skeleton               Necromancy                   1
   c - Vampiric Draining              Necromancy                   3
   d - Regeneration                   Charms/Necromancy            3
   e - Animate Dead                   Necromancy                   4
   f - Control Undead                 Necromancy                   4
 u - a book of Debilitation

   Spells                             Type                      Level
   a - Corona                         Hexes                        1
   b - Slow                           Hexes                        2
   c - Gell's Gravitas                Hexes/Translocation          3
   d - Inner Flame                    Hexes/Fire                   3
   e - Cause Fear                     Hexes                        4
   f - Leda's Liquefaction            Hexes/Earth                  4


   Skills:
 - Level 9.4 Short Blades
 - Level 5.1 Dodging
 + Level 9.5 Stealth
 - Level 6.0 Spellcasting
 - Level 7.2 Hexes
 + Level 4.9 Necromancy
 - Level 2.0 Ice Magic


You had 13 spell levels left.
You knew the following spells:

 Your Spells              Type           Power        Failure   Level  Hunger
a - Corona                Hex            #####..      1%          1    None
b - Ensorcelled Hibernat  Hex/Ice        ####..       1%          2    None
c - Confuse               Hex            #####...     1%          3    ##.....
d - Pain                  Necr           ####         1%          1    None


Dungeon Overview and Level Annotations

Branches:
Dungeon (8/15)             Temple (1/1) D:6            Lair (0/6) D:8

Altars:
Ashenzari
Cheibriados
Dithmenos
Elyvilon
Fedhas
Hepliaklqana
Kikubaaqudgha
Makhleb
Okawaru
Qazlal
Ru
Sif Muna
Trog
Uskayaw
Vehumet
Xom
Yredelemnul
Zin
The Shining One

Shops:
D:4 [((*(

Annotations:
D:8 3 runed doors


Innate Abilities, Weirdness & Mutations

You heal slowly.
You have razor-sharp teeth.
You have supernaturally acute eyesight. (SInv)
You can survive without breathing.


Message History

There is an open door here.
You see here a whip.
Casting: Ensorcelled Hibernation
Confirm with . or Enter, or press ? or * to list all spells.
Aiming: Ensorcelled Hibernation
Press: ? - help, Shift-Dir - straight line, f - orc warrior
Aim: an orc warrior, wielding a glaive and wearing a chain mail (chance to defeat MR: 54%)
The orc warrior resists with significant effort.
There is an open door here.
Casting: Ensorcelled Hibernation
Confirm with . or Enter, or press ? or * to list all spells.
Aiming: Ensorcelled Hibernation
Press: ? - help, Shift-Dir - straight line, f/p - orc warrior
Aim: an orc warrior, wielding a glaive and wearing a chain mail (chance to defeat MR: 54%)
The orc warrior looks drowsy...
The orc warrior shouts!
The orc warrior hits you from afar with a glaive!!
Ouch! That really hurt!
You die...
Kikubaaqudgha rasps: "You have failed me!
Welcome... oblivion!"

.............#######.............
.......#######....##.....##......
.......#.....#....##.....##......
.......#.....#...........##......
.......#.....#...........##.....#
..†....#.....+......>.....#.....#
.......#.....#....oo......#.....#
.#.....#....##....##'######.....+
.#.....#....##..@.#......o#######
#.....'....##....#..............
#.....#..........+.............)
#.(...#..........#.............)
#.....#..........#..............
#.....#....#######..............
#.....#....#........############
#....<#....#........# #
#.....#....#........# #


You could see an orc warrior and an orc.

Vanquished Creatures
  Grinder (D:5)
  2 hippogriffs
  Menkaure (D:7)
  Duvessa (D:5)
  Purgy (Sewer)
  An orc warrior (D:6)
  A porcupine (D:8)
  2 ice beasts
  A phantom (D:4)
  A sky beast (D:8)
  4 ogres
  2 centaurs
  Blork the orc (D:5)
  A bullfrog (D:8)
  Dowan (D:5)
  2 scorpions
  4 killer bees (D:6)
  6 wights
  2 howler monkeys (D:7)
  2 centaur zombies
  2 crimson imps
  A jelly (D:5)
  9 orc wizards
  A bullfrog skeleton (D:6)
  5 orc priests
  Jessica (D:2)
  3 worker ants (D:4)
  3 hound zombies
  Robin (D:2)
  7 gnolls
  11 adders
  A river rat (D:8)
  2 shadow imps
  An ooze (D:7)
  An adder zombie (D:7)
  3 worms (D:4)
  3 dart slugs
  5 leopard geckos
  12 orcs
  3 giant cockroaches
  13 goblins
  12 hobgoblins
  10 jackals
  3 kobolds
  3 quokkas
  A ball python (D:4)
  11 bats
  6 frilled lizards
  8 rats
179 creatures vanquished.

Vanquished Creatures (others)
  An orc (D:4)
  3 jackals (D:6)
4 creatures vanquished.

Grand Total: 183 creatures vanquished

Notes
Turn   | Place    | Note
-------+----------+-------------------------------------------
     0 | D:1      | RedPan the Vampire Enchanter began the quest for the Orb.
     0 | D:1      | Reached XP level 1. HP: 13/13 MP: 3/3
   109 | D:1      | Reached skill level 5 in Hexes
   215 | D:1      | Reached XP level 2. HP: 19/19 MP: 5/5
   219 | D:1      | Learned a level 2 spell: Ensorcelled Hibernation
   776 | D:2      | Reached XP level 3. HP: 18/24 MP: 3/6
   781 | D:2      | Learned a level 3 spell: Confuse
   805 | D:2      | Noticed Jessica
   956 | D:2      | Killed Jessica
   956 | D:2      | Reached XP level 4. HP: 30/30 MP: 4/7
   964 | D:2      | Noticed Robin
  1962 | D:2      | Killed Robin
  1962 | D:2      | Reached skill level 1 in Ice Magic
  2413 | D:2      | Found a shimmering altar of Xom.
  2482 | D:2      | Reached skill level 5 in Stealth
  2712 | D:3      | HP: 1/30 [gnoll/spear (5)]
  2977 | D:3      | Reached XP level 5. HP: 35/35 MP: 5/8
  3372 | D:3      | Found a basalt altar of Yredelemnul.
  3374 | D:3      | Found a blossoming altar of Fedhas.
  3375 | D:3      | Found a shimmering altar of Xom.
  3375 | D:3      | Found a deep blue altar of Sif Muna.
  3376 | D:3      | Found a glowing golden altar of the Shining One.
  3376 | D:3      | Found a sacrificial altar of Ru.
  4015 | D:4      | Noticed an ogre
  4019 | D:4      | Killed an ogre
  4019 | D:4      | Reached XP level 6. HP: 41/41 MP: 6/9
  4642 | D:4      | Found Jiyx's General Store.
  4650 | D:4      | Bought a potion of mutation for 25 gold pieces
  4650 | D:4      | Bought 2 potions of heal wounds for 100 gold pieces
  4667 | D:4      | Found Malut's Weapon Boutique.
  4715 | D:4      | Found a white marble altar of Elyvilon.
  5091 | D:4      | Found Lemuiceg's Armour Shop.
  5304 | D:4      | Bought a +0 pair of gloves for 54 gold pieces
  5349 | D:4      | Reached XP level 7. HP: 39/46 MP: 5/10
  5440 | D:4      | Found Ahataica's Antique Weapon Shop.
  5582 | D:4      | Found Linnavvi's Antique Weapon Boutique.
  5676 | D:5      | Entered Level 5 of the Dungeon
  5775 | D:5      | Noticed Blork the orc
  5782 | D:5      | Killed Blork the orc
  5782 | D:5      | Reached skill level 5 in Short Blades
  5908 | D:5      | Noticed Grinder
  5926 | D:5      | Killed Grinder
  6143 | D:5      | Reached XP level 8. HP: 40/52 MP: 3/14
  6255 | D:5      | Noticed Duvessa
  6259 | D:5      | Noticed Dowan
  6260 | D:5      | Killed Duvessa
  6270 | D:5      | Killed Dowan
  6494 | D:6      | Reached skill level 5 in Spellcasting
  6933 | D:6      | Found a stormy altar of Qazlal.
  6976 | D:6      | Found a glowing drain.
  6981 | Sewer    | Entered a sewer
  7024 | Sewer    | Noticed Purgy
  7031 | Sewer    | Killed Purgy
  7399 | D:6      | Reached XP level 9. HP: 31/57 MP: 17/17
  7746 | D:6      | Found a staircase to the Ecumenical Temple.
  7755 | Temple   | Entered the Ecumenical Temple
  8128 | D:7      | Noticed Menkaure
  8136 | D:7      | Killed Menkaure
  8136 | D:7      | Reached skill level 5 in Dodging
  8337 | D:7      | Learned a level 1 spell: Pain
  8390 | D:7      | HP: 1/57 [ogre/giant club (13)]
  8392 | D:7      | Reached skill level 1 in Necromancy
  8699 | D:7      | Found an ancient bone altar of Kikubaaqudgha.
  8702 | D:7      | Became a worshipper of Kikubaaqudgha
  8789 | D:7      | Noticed a hand axe
  8791 | D:7      | Noticed a hand axe
  8791 | D:7      | Found a hide-covered altar of Uskayaw.
  9076 | D:8      | Found a staircase to the Lair.
  9474 | D:8      | Found a huge runed gate.
  9475 | D:8      | Found a huge runed gate.
  9475 | D:8      | Noticed a manticore
  9480 | D:8      | Found a huge runed gate.
  9480 | D:8      | Noticed a manticore
  9861 | D:8      | Slain by an orc warrior

Skill      XL: |  1  2  3  4  5  6  7  8  9 |
---------------+----------------------------+-----
Hexes          | 5 6 7 |  7.2
Ice Magic      | 1 2 |  2.0
Stealth        | 5 6 8 9 |  9.5
Short Blades   | 2 4 6 8 9 |  9.4
Spellcasting   | 4 5 6 |  6.0
Dodging        | 4 5 |  5.1
Necromancy     | 4 |  4.9

Action                   |  1- 3 |  4- 6 |  7- 9 || total
-------------------------+-------+-------+-------++-------
Melee: Dagger            |    80 |   387 |   110 ||   577
       Bite              |     9 |    26 |    26 ||    61
       Rapier            |       |       |   251 ||   251
 Cast: Ensorcelled Hiber |     5 |    34 |    21 ||    60
       Confuse           |       |     5 |     2 ||     7
  Use: Potion            |       |    15 |    18 ||    33
       Scroll            |       |     9 |     3 ||    12
 Stab: Sleeping          |     8 |    27 |    40 ||    75
       Confused          |       |     2 |     4 ||     6
       Distracted        |       |       |     1 ||     1
Armor: Robe              |    29 |    72 |    57 ||   158
Dodge: Dodged            |    66 |   229 |   150 ||   445
Block: Other             |       |     9 |    25 ||    34
